 Dungeon Crawl Stone Soup version 0.31-a0-177-g4aa6249778 (webtiles) character file.

Game seed: 9514949009725758128

150 qw the Shooter (level 5, -2/49 HPs)
             Began as a Naga Hunter on June 18, 2023.
             Slain by a goblin
             ... wielding a +0 club
             ... led by Robin
              (4 damage)
             ... on level 3 of the Dungeon.
             The game lasted 00:00:49 (2246 turns).

qw the Shooter (Naga Hunter)                        Turns: 2246, Time: 00:00:49

Health: -2/49      AC:  3    Str: 19    XL:     5   Next: 32%
Magic:  5/5        EV:  9    Int: 10    God:
Gold:   79         SH:  0    Dex: 16    Spells: 4/4 levels left

rFire   . . .        Y - +0 shortbow (elec)
rCold   + . .        (shield currently unavailable)
rNeg    . . .        c - +0 leather armour
rPois   +            (no helmet)
rElec   .            (no cloak)
rCorr   .            (no gloves)
SInv    +            (no barding)
Will    .....        (no amulet)
Stlth   ++           b - +6 ring of strength
HPRegen 0.28/turn    (no ring)
MPRegen 0.09/turn

%: no passive effects
@: about to teleport, short of breath, very slow
A: AC +1, large, see invisible, deformed body, poison resistance, slowness 2,
spit poison 1, naga tail 1, cold resistance 1, mutation resistance 1
a: Spit Poison


You were on level 3 of the Dungeon.
You visited 1 branch of the dungeon, and saw 3 of its levels.

You collected 79 gold pieces.


Innate Abilities, Weirdness & Mutations

Your serpentine skin is tough. (AC +1)
You have supernaturally acute eyesight. (SInv)
Armour fits poorly on your strangely shaped body.
Your system is resistant to poisons. (rPois)
You cover ground very slowly.
You can spit poison.
You have a snake-like lower body.
Your flesh is cold resistant. (rC+)
You are somewhat resistant to further mutation.


   Skills:
 - Level 3.0 Fighting
 + Level 5.4 Ranged Weapons
 - Level 1.5 Dodging
 - Level 1.5 Stealth


You had 4 spell levels left.
You didn't know any spells.
Your spell library was empty.

Inventory:

Hand Weapons
 Y - a +0 shortbow of electrocution (weapon)
Armour
 c - a +0 leather armour (worn)
Jewellery
 b - a +6 ring of strength (left hand)
 h - a +6 ring of dexterity
 k - the amulet of the Four Winds {rN+ Will+++ Clar}
   (You found it on level 3 of the Dungeon)

   [amulet of nothing]

   rN:        It protects you from negative energy.
   Clar:      It protects you from confusion, rage, mesmerisation and fear.
   Will:      It greatly increases your willpower.
Scrolls
 f - a scroll of summoning {unknown}
 l - a scroll of torment {unknown}
 m - a scroll of amnesia {unknown}
Potions
 a - a potion of might {unknown}
 d - a potion of cancellation {unknown}
 e - a potion of heal wounds {unknown}
 i - a potion of curing
 j - 3 potions of mutation

Dungeon Overview and Level Annotations

Branches:
Dungeon (3/15)

Altars:

Shops:
D:1 :

Annotations:
D:3 Robin


Message History

The arrow hits the goblin but does no damage.
Lightning courses through the goblin!
You kill the goblin!
Robin throws the goblin at you!
A rat comes into view.
The goblin hits you with a +0 club. The goblin hits you with a +0 dagger.
You shoot an arrow.
The arrow hits the goblin but does no damage.
The goblin hits you with a +0 club. The goblin closely misses you.
The goblin hits you but does no damage. x2
You shoot an arrow. The arrow closely misses the goblin.
You have got your breath back.
The goblin hits you with a +0 club. The goblin closely misses you.
The goblin hits you but does no damage. x2
2244 ||| INVOKING Spit Poison.
Aiming: Spit Poison (1% risk of failure)
Press: ? - help, Shift-Dir - straight line, f/p - goblin The splash of poison hits the goblin.
The goblin is poisoned.
The goblin is moderately wounded.
Robin throws the goblin at you! The goblin hits you with a +0 club.
The goblin hits you with a +0 dagger. The goblin hits you but does no damage.
The goblin hits you with a +0 club. The goblin barely misses you.
2245 ||| READING scroll of teleportation.
As you read the scroll of teleportation, it crumbles to dust.
You feel strangely unstable.
You kill the goblin!
The goblin hits you with a +0 club. The goblin barely misses you.
The goblin completely misses you. The goblin hits you but does no damage.
You shoot an arrow. The arrow hits the goblin.
Lightning courses through the goblin!
You kill the goblin!
The goblin no longer looks unusually strong. x2
Robin throws the goblin at you!
The hobgoblin hits you but does no damage.
The goblin closely misses you. The goblin hits you with a +0 club.
The goblin hits you but does no damage. x2
The goblin hits you with a +0 dagger. The goblin hits you but does no damage.
The hobgoblin completely misses you. The goblin barely misses you.
The goblin hits you with a +0 club.
You die...

#.........).....#
#######.#########
#........
#..###### #..#
#..# #..# #gg#
#@g# #ggg.....
#gr......
#########


You could see Robin, a hobgoblin (strong), 5 goblins and a rat.

Vanquished Creatures
  2 orc wizards (D:2)
  2 adders
  3 worms
  A dart slug (D:2)
  6 orcs
  4 ball pythons
  8 bats
  4 endoplasms
  2 giant cockroaches
  10 goblins
  6 hobgoblins
  A jackal (D:2)
  2 kobolds
  4 quokkas
  4 frilled lizards
  2 rats
61 creatures vanquished.

Notes
Turn   | Place    | Note
-------+----------+-------------------------------------------
     0 | D:1      | qw the Naga Hunter began the quest for the Orb.
     0 | D:1      | Reached XP level 1. HP: 19/19 MP: 1/1
     0 | D:1      | 0 ||| qw: Version: 0.3-a-5-g6f28e65
     0 | D:1      | 0 ||| qw: Game counter: 564
     0 | D:1      | 0 ||| qw: Always use a shield: true
     0 | D:1      | 0 ||| qw: God list: Okawaru
     0 | D:1      | 0 ||| qw: Allow faded altars: false
     0 | D:1      | 0 ||| qw: Do Orc after D:15 true
     0 | D:1      | 0 ||| qw: Do second Lair branch before Depths: true
     0 | D:1      | 0 ||| qw: Lair rune preference: random
     0 | D:1      | 0 ||| qw: Plans: Normal
     0 | D:1      | 0 ||| PLANNING D:1-11
    33 | D:1      | 33 ||| INVOKING Spit Poison.
    45 | D:1      | 45 ||| INVOKING Spit Poison.
    71 | D:1      | Found Bur Amod's Book Shoppe.
   162 | D:1      | 162 ||| INVOKING Spit Poison.
   170 | D:1      | 170 ||| INVOKING Spit Poison.
   174 | D:1      | Reached skill level 4 in Ranged Weapons
   174 | D:1      | Reached XP level 2. HP: 24/26 MP: 2/2
   266 | D:1      | 266 ||| INVOKING Spit Poison.
   329 | D:1      | 329 ||| INVOKING Spit Poison.
   344 | D:1      | 344 ||| INVOKING Spit Poison.
   399 | D:1      | 399 ||| INVOKING Spit Poison.
   520 | D:1      | 520 ||| READING scroll labelled YPLARI YNGEY.
   521 | D:1      | 521 ||| READING scroll labelled PIASUAGEPU.
   522 | D:1      | 522 ||| READING scroll labelled MADODW HYESK.
   523 | D:1      | 523 ||| READING 2 scrolls labelled WOAR BOTWIP.
   528 | D:1      | 528 ||| READING scroll labelled KAMIQ KEGUOZUKK.
   529 | D:1      | 529 ||| DRINKING 2 amethyst potions.
   529 | D:1      | Gained mutation: You are somewhat resistant to further
                  | mutation. [potion of mutation]
   529 | D:1      | Gained mutation: Your flesh is cold resistant. (rC+)
                  | [potion of mutation]
   530 | D:1      | 530 ||| DROPPING scroll of butterflies.
   544 | D:2      | 544 ||| INVOKING Spit Poison.
   570 | D:2      | 570 ||| INVOKING Spit Poison.
   574 | D:2      | 574 ||| INVOKING Spit Poison.
   580 | D:2      | 580 ||| INVOKING Spit Poison.
   581 | D:2      | 581 ||| INVOKING Spit Poison.
   704 | D:2      | 704 ||| INVOKING Spit Poison.
   723 | D:2      | 723 ||| INVOKING Spit Poison.
   745 | D:2      | 745 ||| INVOKING Spit Poison.
   749 | D:2      | Reached XP level 3. HP: 32/32 MP: 3/3
   875 | D:2      | 875 ||| Stepping ~*~*~tactically~*~*~ (outnumbered).
   877 | D:2      | 877 ||| INVOKING Spit Poison.
   878 | D:2      | 878 ||| INVOKING Spit Poison.
   910 | D:2      | 910 ||| INVOKING Spit Poison.
   915 | D:2      | 915 ||| INVOKING Spit Poison.
   927 | D:2      | 927 ||| INVOKING Spit Poison.
   929 | D:2      | Reached skill level 5 in Ranged Weapons
   929 | D:2      | Reached XP level 4. HP: 22/39 MP: 4/4
   932 | D:2      | 932 ||| INVOKING Spit Poison.
  1023 | D:2      | Found a faded altar of an unknown god.
  1042 | D:2      | 1042 ||| INVOKING Spit Poison.
  1167 | D:2      | 1167 ||| INVOKING Spit Poison.
  1173 | D:2      | 1173 ||| INVOKING Spit Poison.
  1187 | D:2      | 1187 ||| INVOKING Spit Poison.
  1193 | D:2      | 1193 ||| INVOKING Spit Poison.
  1196 | D:2      | 1196 ||| INVOKING Spit Poison.
  1201 | D:2      | 1201 ||| INVOKING Spit Poison.
  1272 | D:2      | 1272 ||| INVOKING Spit Poison.
  1276 | D:2      | 1276 ||| INVOKING Spit Poison.
  1339 | D:2      | 1339 ||| INVOKING Spit Poison.
  1375 | D:2      | 1375 ||| UPGRADING to +6 ring of strength.
  1376 | D:2      | 1376 ||| READING scroll labelled ALERIUKHOT.
  1377 | D:2      | 1377 ||| READING scroll labelled WIGRUOFETO.
  1378 | D:2      | 1378 ||| READING scroll labelled XUEQESTUPH.
  1379 | D:2      | 1379 ||| DRINKING 2 fuming coppery potions.
  1395 | D:3      | 1395 ||| INVOKING Spit Poison.
  1399 | D:3      | Reached XP level 5. HP: 47/48 MP: 5/5
  1401 | D:3      | 1401 ||| INVOKING Spit Poison.
  1434 | D:3      | Reached skill level 3 in Fighting
  1489 | D:3      | 1489 ||| INVOKING Spit Poison.
  1493 | D:3      | 1493 ||| INVOKING Spit Poison.
  1497 | D:3      | 1497 ||| INVOKING Spit Poison.
  1501 | D:3      | 1501 ||| INVOKING Spit Poison.
  1646 | D:3      | 1646 ||| INVOKING Spit Poison.
  1657 | D:3      | 1657 ||| INVOKING Spit Poison.
  1696 | D:3      | 1696 ||| INVOKING Spit Poison.
  1707 | D:3      | 1707 ||| INVOKING Spit Poison.
  1852 | D:3      | 1852 ||| INVOKING Spit Poison.
  1964 | D:3      | 1964 ||| INVOKING Spit Poison.
  1975 | D:3      | 1975 ||| INVOKING Spit Poison.
  1981 | D:3      | 1981 ||| INVOKING Spit Poison.
  2008 | D:3      | Found the amulet of the Four Winds {rN+ Will+++ Clar}
  2199 | D:3      | 2199 ||| INVOKING Spit Poison.
  2230 | D:3      | 2230 ||| INVOKING Spit Poison.
  2233 | D:3      | Noticed Robin
  2234 | D:3      | 2234 ||| INVOKING Spit Poison.
  2238 | D:3      | 2238 ||| INVOKING Spit Poison.
  2244 | D:3      | 2244 ||| INVOKING Spit Poison.
  2244 | D:3      | HP: 10/49 [goblin/+0 club[Robin] (3)]
  2245 | D:3      | 2245 ||| READING scroll of teleportation.
  2246 | D:3      | HP: 3/49 [goblin/+0 club[Robin] (3)]
  2246 | D:3      | Slain by a goblin

Levels and vault maps discovered:
D:1:      lemuel_arrival_behind_the_door_large, layout_basic, serial_shops, shop
D:2:      minmay_diamond_boxcup, layout_rooms,
          dreamdust_ecumenical_altar_hidden_monk_grotto, nrook_campfire
D:3:      layout_basic, corner_web_ring, grunt_ministairs_3, uniq_robin

Skill      XL: |  1  2  3  4  5 |
---------------+----------------+-----
Ranged Weapons | 4 5 |  5.4
Fighting       | 3 |  3.0
Dodging        | |  1.5
Stealth        | |  1.5

Action                     |  1- 3 |  4- 6 || total
---------------------------+-------+-------++-------
   Fire: Shortbow          |    44 |    80 ||   124
Ability: Spit Poison       |    19 |    30 ||    49
    Use: Scroll            |     5 |     4 ||     9
         Potion            |     1 |     1 ||     2
 Armour: Leather armour    |     6 |    30 ||    36
  Dodge: Dodged            |     8 |    38 ||    46

Table legend:
 A = Non-vault XP
 B = Vault XP
 C = Vault XP percentage of total XP
 D = Non-vault monster count
 E = Vault monster count
 F = Vault count percentage of total count
                 A         B        C        D         E       F
            +---------+---------+-------+---------+---------+-------
      Total |     171 |      46 |  21.2 |      43 |      18 |  29.5
            +---------+---------+-------+---------+---------+-------
        D:1 |      18 |       0 |   0.0 |       9 |       0 |   0.0
        D:2 |     106 |      32 |  23.2 |      18 |      10 |  35.7
        D:3 |      47 |      14 |  23.0 |      16 |       8 |  33.3
            +---------+---------+-------+---------+---------+-------
